 Dungeon Crawl Stone Soup version 0.20-a0-507-gc86f373 (webtiles) character file.

11020 esc the Cruncher (level 11, -1/86 HPs)
             Began as a Demonspawn Gladiator on Jan 21, 2017.
             Was a Follower of Ashenzari.
             Slain by an orc warlord
             ... wielding a +2 dire flail of holy wrath
              (29 damage)
             ... on level 1 of the Orcish Mines.
             The game lasted 00:28:09 (11049 turns).

esc the Cruncher (Demonspawn Gladiator)            Turns: 11049, Time: 00:28:10

Health: -1/86      AC: 15    Str: 17    XL:     11   Next: 43%
Magic:  11/11      EV:  8    Int: 11    God:    Ashenzari [*.....]
Gold:   152        SH:  0    Dex: 14    Spells: 10/10 levels left

rFire    + . .     SeeInvis .   a - +0 quarterstaff (curse)
rCold    . . .     Gourm    .   l - +0 plate armour
rNeg     . . .     Faith    .   (shield currently unavailable)
rPois    .         Spirit   .   (helmet restricted)
rElec    .         Reflect  .   (no cloak)
rCorr    .         Harm     .   i - +0 pair of gloves (curse)
MR       .....                  G - +0 pair of boots
Stlth    ..........             (no amulet)
Regen    0.3/turn               (no ring)
                                (no ring)

@: no status effects
A: horns 1, demonic guardian 1, fire resistance 1, ignite blood, flame cloud
immunity
a: Curse Item, Scrying, Renounce Religion


You were on level 1 of the Orcish Mines.
You worshipped Ashenzari.
Ashenzari was aware of your devotion.
You were not hungry.

You visited 3 branches of the dungeon, and saw 11 of its levels.
You also visited: Ossuary.

You collected 527 gold pieces.
You spent 375 gold pieces at shops.

Inventory:

Hand Weapons
 a - a cursed +0 quarterstaff (weapon)
 L - a +1 lajatang
   (You bought it in a shop on level 4 of the Dungeon)
Armour
 i - a cursed +0 pair of gloves (worn)
   (You found it on level 1 of the Dungeon)
 l - a +0 plate armour (worn)
   (You found it on level 1 of the Dungeon)
 G - a +0 pair of boots (worn)
   (You found it on level 7 of the Dungeon)
Wands
 y - a wand of clouds (5/9)
   (You found it on level 6 of the Dungeon)
 B - a wand of paralysis (20/24)
   (You found it on level 6 of the Dungeon)
 D - a wand of paralysis (12/24)
   (You found it on level 9 of the Dungeon)
 J - a wand of acid (6/15)
   (You found it on level 8 of the Dungeon)
Scrolls
 j - 2 scrolls of noise {unknown}
 m - a scroll of magic mapping {!r}
 n - 6 scrolls of teleportation
 s - 3 scrolls of enchant armour {unknown}
 u - 3 scrolls of enchant weapon
 C - 3 scrolls of immolation {unknown}
 I - a scroll of random uselessness {unknown}
Potions
 b - a potion of haste
 e - a potion of might {unknown}
 h - 2 potions of magic
 k - 4 potions of flight {unknown}
 q - 4 potions of curing {unknown}
 r - a potion of beneficial mutation {unknown}
 t - 3 potions of ambrosia
 v - 2 potions of heal wounds
 w - a potion of lignification {!q}
 x - 2 potions of invisibility
 E - a potion of mutation {unknown}
 F - 3 potions of berserk rage {unknown}
Books
 A - a book of Minor Magic
   (You found it on level 6 of the Dungeon)
Comestibles
 f - 4 bread rations {@e1}
 g - 9 meat rations {@e2}
 o - 8 fruits


   Skills:
 + Level 8.2 Fighting
 + Level 11.5 Staves
 - Level 1.7 Throwing
 + Level 7.1 Armour
 + Level 7.7 Dodging


You had 10 spell levels left.
You didn't know any spells.

Dungeon Overview and Level Annotations

Branches:
Dungeon (9/15)             Temple (1/1) D:5             Orc (1/2) D:9
   Lair: D:8-11

Altars:
Ashenzari
Cheibriados
Dithmenos
Elyvilon
Fedhas
Gozag
Hepliaklqana
Kikubaaqudgha
Makhleb
Nemelex Xobeh
Okawaru
Qazlal
Ru
Sif Muna
Trog
Uskayaw
Vehumet
Xom
Yredelemnul
Zin
The Shining One

Shops:
D:4 [([[

Annotations:
D:9 1 runed door


Innate Abilities, Weirdness & Mutations

You have a pair of small horns on your head.
A weak demonic guardian rushes to your aid.
Your flesh is heat resistant. (rF+)
Your demonic aura causes spilled blood to erupt in flames.
You are immune to clouds of flame.


Message History

The orc priest mumbles some strange prayers to Beogh against you.
Pain shoots through your body!
Your quasit bites the orc.
Your quasit claws the orc but does no damage.
Your quasit claws the orc.
A warg comes into view.
You take 14 damage, and have 66/86 hp.
The warg bites you but does no damage.
Your quasit barely misses the orc.
Your quasit claws the orc but does no damage.
Your quasit closely misses the orc.
The orc priest invokes the aid of Beogh against you.
Beogh smites you!
The orc is engulfed in roaring flames.
You kill the orc!
You hear a shout!
You climb upwards.
Welcome back to the Dungeon!
Level annotation: 1 runed door
There is a staircase to the Orcish Mines here.
You take 14 damage, and have 52/86 hp.
You completely miss the warg. Your headbutt misses the warg.
The warg closely misses you.
You closely miss the warg. The warg bites you but does no damage.
You closely miss the warg. Your headbutt misses the warg. The warg bites you.
You take 4 damage, and have 48/86 hp.
You closely miss the warg. The warg bites you but does no damage.
You closely miss the warg. The warg barely misses you.
You closely miss the warg. Your headbutt misses the warg.
The warg barely misses you.
You hit the warg. The warg bites you!
You take 8 damage, and have 41/86 hp.
You hit the warg. The warg completely misses you.
You hit the warg. You headbutt the warg. The warg bites you but does no damage.
You hit the warg.
The warg is engulfed in roaring flames.
The warg bites you.
You take 3 damage, and have 38/86 hp.
You hit the warg. Your headbutt misses the warg.
The warg is engulfed in roaring flames.
You kill the warg!
No target in view!
No target in view!
You see here a +0 dagger.
There isn't anything to butcher here.
You swap places.
There is a staircase to the Orcish Mines here.
You start resting.
Your quasit disappears in a puff of smoke!
All of the chunks of flesh in your inventory have rotted away.
You regained 34 hp, and now have 73/86 hp.
The troll shouts!
Items here: )) [[ † a +0 quarterstaff of protection; a cursed +0 helmet; a cursed robe; a +0 dagger an orc corpse
Things that are here:
a cursed robe; a +0 dagger Your quasit barely misses the troll.
Your quasit closely misses the troll. x3
Your quasit barely misses the troll.
Your quasit claws the troll.
You closely miss the troll.
You headbutt the troll, but do no damage.
The troll barely misses you. The troll claws you!
The troll claws you but does no damage.
Your quasit closely misses the troll.
Your quasit claws the troll.
Your quasit barely misses the troll.
You take 10 damage, and have 64/86 hp.
You hit the troll but do no damage. The troll bites you!
The troll completely misses you. The troll barely misses you.
You take 7 damage, and have 57/86 hp.
Your quasit bites the troll.
Your quasit claws the troll but does no damage.
Your quasit misses the troll.
Items here: )) [[ † a +0 quarterstaff of protection; a cursed +0 helmet; a cursed robe; a +0 dagger an orc corpse You thump the troll!
Your quasit bites the troll.
Your quasit claws the troll. x2
The troll is engulfed in roaring flames.
The troll bites you! The troll claws you! x2
You take 23 damage, and have 34/86 hp.
MASSIVE DAMAGE!!
Your quasit bites the troll.
Your quasit barely misses the troll.
Your quasit claws the troll but does no damage.
The troll is engulfed in roaring flames.
You kill the troll!
Things that are here:
an uncursed chain mail; a +0 battleaxe; a +0 dagger
Items here: )) [[ † a +0 quarterstaff of protection; a cursed +0 helmet; a cursed robe; a +0 dagger an orc corpse You start resting.
Your quasit disappears in a puff of smoke!
You hear a distant blaring wail to the east.
Health restored: 86
There is a staircase to the Orcish Mines here.
You climb downwards.
Welcome back to the Orcish Mines! 2 orcs come into view.
The orc shouts! x2
The orc warlord roars a battlecry!
The orcs go into a battle-frenzy!
The orc warrior hits you with a mace!! The warg bites you.
The orc priest calls down the wrath of Beogh upon you.
Pain shoots through your body! The orc hits you but does no damage.
The orc warrior is engulfed in roaring flames.
The orc warrior hits you with a scimitar.
The orc warlord hits you with a dire flail of holy wrath!!
You convulse!!
You die...

### #.###### ##5h§o..#
##..o@...## #
###...o§o...##.#..
#....)...)[o.#....>.
##.........oo........
##.........o....o....
#........#..........
##......####.......###
#.......####.........##
.
##....................#
..


You could see an orc warlord, a warg, 2 orc warriors, an orc priest, 5 orcs and
a friendly quasit.

Vanquished Creatures
  An orc knight (D:9)
  The ghost of Feta the Blocker, a novice FoFi of Nemelex Xobeh (D:6)
  Joseph (D:7)
  A troll (D:9)
  A wyvern (D:8)
  3 yaks (D:9)
  2 wargs (D:9)
  A water moccasin (D:9)
  Duvessa (D:5)
  A phantom (D:7)
  7 orc warriors
  An ice beast (D:9)
  3 centaurs
  8 ogres
  2 big kobolds (D:9)
  An elf zombie (Ossuary)
  Dowan (D:5)
  4 bullfrogs
  4 scorpions
  3 howler monkeys (D:8)
  A centaur zombie (D:5)
  6 crimson imps
  A jelly (D:8)
  7 orc priests
  3 hounds
  A bullfrog skeleton (D:5)
  Terence (D:2)
  2 iguanas
  7 orc wizards
  15 worker ants
  A killer bee zombie (D:7)
  A mummy (Ossuary)
  4 gnolls (D:7)
  7 adders
  2 howler monkey skeletons
  An adder zombie (D:5)
  2 adder skeletons
  A worm (D:5)
  A dart slug (D:1)
  A leopard gecko (D:8)
  37 orcs
  3 ball pythons
  9 giant cockroaches
  7 goblins
  4 hobgoblins
  11 jackals
  17 kobolds
  4 bats
  2 frilled lizards
  2 goblin zombies (Ossuary)
  4 hobgoblin zombies (Ossuary)
  A jackal skeleton (D:6)
  3 jackal zombies
  12 kobold zombies (Ossuary)
  8 orc zombies (Ossuary)
  A quokka zombie (D:8)
  3 rats
  A rat zombie (Ossuary)
241 creatures vanquished.

Vanquished Creatures (collateral kills)
  A sky beast (D:9)
  2 orc wizards
  An orc priest (D:3)
  A hound (D:4)
  A mummy (Ossuary)
  5 orcs
  2 goblin zombies (Ossuary)
  2 hobgoblin zombies (Ossuary)
  2 kobolds (D:9)
  A kobold zombie (Ossuary)
  An orc zombie (Ossuary)
  A rat (D:2)
  A rat zombie (Ossuary)
21 creatures vanquished.

Grand Total: 262 creatures vanquished

Notes
Turn   | Place    | Note
-------+----------+-------------------------------------------
     0 | D:1      | esc the Demonspawn Gladiator began the quest for the Orb.
     0 | D:1      | Reached XP level 1. HP: 16/16 MP: 1/1
   317 | D:1      | Gained mutation: A weak demonic guardian rushes to your aid. [demonic ancestry]
   317 | D:1      | Reached XP level 2. HP: 21/23 MP: 2/2
   433 | D:1      | Reached skill level 3 in Staves
   713 | D:2      | Noticed Terence
   721 | D:2      | Killed Terence
   721 | D:2      | Reached skill level 1 in Armour
   721 | D:2      | Reached skill level 3 in Dodging
   721 | D:2      | Gained mutation: Your flesh is heat resistant. (rF+) [demonic ancestry]
   721 | D:2      | Reached XP level 3. HP: 28/28 MP: 3/3
   888 | D:2      | Reached XP level 4. HP: 34/34 MP: 4/4
  1172 | D:3      | Reached skill level 3 in Fighting
  1384 | D:3      | Reached XP level 5. HP: 41/41 MP: 5/5
  1696 | D:3      | Reached skill level 2 in Armour
  1952 | D:4      | HP: 10/41 [poisoned by a worker ant]
  1958 | D:4      | HP: 8/41 [poisoned by a worker ant]
  1966 | D:4      | HP: 6/41 [poisoned by a worker ant]
  1974 | D:4      | HP: 5/41 [poisoned by a worker ant]
  2188 | D:4      | Found Naretul's Antique Armour Boutique.
  2244 | D:4      | Found a sand-covered staircase.
  2250 | Ossuary  | Entered an ossuary
  2379 | Ossuary  | Gained mutation: You are immune to clouds of flame. [demonic ancestry]
  2379 | Ossuary  | Reached XP level 6. HP: 47/47 MP: 6/6
  2504 | Ossuary  | Reached skill level 4 in Staves
  2770 | D:4      | Reached skill level 4 in Fighting
  2770 | D:4      | Reached skill level 4 in Dodging
  2809 | D:4      | Found Ruconag's Armour Shoppe.
  2953 | D:4      | Found Keirph's Antique Weapon Shoppe.
  2996 | D:4      | Found Bymi's Antique Armour Shoppe.
  3106 | D:5      | Entered Level 5 of the Dungeon
  3106 | D:5      | Noticed Duvessa
  3106 | D:5      | Noticed Dowan
  3119 | D:5      | Killed Duvessa
  3119 | D:5      | Reached skill level 3 in Armour
  3127 | D:5      | Killed Dowan
  3127 | D:5      | Gained mutation: Your demonic aura causes spilled blood to erupt in flames. [demonic ancestry]
  3127 | D:5      | Reached XP level 7. HP: 35/54 MP: 7/7
  3618 | D:5      | Found a staircase to the Ecumenical Temple.
  3627 | Temple   | Entered the Ecumenical Temple
  3777 | Temple   | Became a worshipper of Ashenzari the Shackled
  4152 | D:5      | Found an opulent altar of Gozag.
  4855 | D:6      | Noticed Feta's ghost (novice FoFi)
  4976 | D:6      | Killed Feta's ghost
  4976 | D:6      | Reached skill level 5 in Fighting
  4976 | D:6      | Reached skill level 5 in Staves
  4976 | D:6      | Reached skill level 4 in Armour
  4976 | D:6      | Reached skill level 5 in Dodging
  4976 | D:6      | Reached XP level 8. HP: 34/62 MP: 8/8
  5839 | D:7      | Noticed Joseph
  5871 | D:7      | HP: 11/64 [Joseph/uncursed quarterstaff of protection (14)]
  5879 | D:7      | HP: 13/64 [Joseph/uncursed quarterstaff of protection (9)]
  5880 | D:7      | Killed Joseph
  5880 | D:7      | Reached skill level 6 in Fighting
  5880 | D:7      | Reached skill level 6 in Staves
  5880 | D:7      | Reached skill level 5 in Armour
  5880 | D:7      | Reached XP level 9. HP: 45/69 MP: 9/9
  6151 | D:7      | Reached skill level 6 in Dodging
  6539 | D:7      | Found a shadowy altar of Dithmenos.
  6539 | D:7      | Found a basalt altar of Yredelemnul.
  6545 | D:7      | Found a sacrificial altar of Ru.
  6748 | D:8      | Reached * piety under Ashenzari
  6786 | D:8      | Noticed a two-headed ogre
  7477 | D:8      | Reached skill level 7 in Fighting
  7477 | D:8      | Reached skill level 6 in Armour
  7557 | D:9      | Found a staircase to the Orcish Mines.
  7754 | D:9      | Found a runed door.
  7909 | D:9      | Reached ** piety under Ashenzari
  7945 | D:9      | Reached skill level 7 in Dodging
  7978 | D:9      | Reached skill level 7 in Staves
  8221 | D:9      | Found a snail-covered altar of Cheibriados.
  8289 | D:9      | Reached XP level 10. HP: 51/79 MP: 10/10
  8500 | D:9      | Found a runed door.
  9120 | D:4      | Bought a lajatang for 375 gold pieces
  9318 | Orc:1    | Entered Level 1 of the Orcish Mines
  9651 | Orc:1    | Noticed an orc knight
  9674 | D:8      | HP: 12/80 [ogre/giant spiked club[an orc knight] (25)]
  9676 | D:8      | Reached skill level 8 in Fighting
 10231 | D:8      | Reached skill level 11 in Staves
 10231 | D:8      | Gained mutation: You have a pair of small horns on your head. [demonic ancestry]
 10231 | D:8      | Reached XP level 11. HP: 86/86 MP: 11/11
 10306 | D:9      | Killed an orc knight
 10466 | Orc:1    | Reached skill level 7 in Armour
 10667 | Orc:1    | Noticed an orc warlord
 11049 | Orc:1    | Slain by an orc warlord

Vault maps used:
D:1:      elethiomel_arrival_infinity_welcomes_careful_drivers, serial_glass,
          glass_columns_b, glass_columns_a, glass_columns_a, glass_columns_a,
          glass_columns_b, glass_columns_a, glass_columns_a, glass_columns_c,
          glass_columns_b, glass_columns_b
D:2:      uniq_terence
D:3:      first_bread
D:4:      nicolae_ossuary_entry_false_entrances, serial_shops, shop_fountains,
          nicolae_shop_overgrown_old_shop, shop, kennysheep_mini
D:5:      lemuel_coloured_pillars_altar, uniq_duvessa
D:7:      minitemple, uniq_joseph
D:9:      lemuel_insect_pit, nicolae_overflow_hidden_temple, orc_0_dummy
Temple:   eino_temple_rhombus
Ossuary:  ossuary_tomb_1

Skill      XL: |  1  2  3  4  5  6  7  8  9 10 11 |
---------------+----------------------------------+-----
Staves         | 3 4 5 6 7 11 | 11.5
Armour         | 1 2 3 4 5 6 7 |  7.1
Dodging        | 3 4 5 7 |  7.7
Fighting       | 3 4 5 6 7 8 |  8.2
Throwing       | |  1.7

Action                   |  1- 3 |  4- 6 |  7- 9 | 10-12 || total
-------------------------+-------+-------+-------+-------++-------
Melee: Quarterstaff      |    64 |   262 |   377 |   174 ||   877
       Headbutt          |       |       |       |    10 ||    10
Throw: Throwing net      |     2 |       |     5 |     2 ||     9
Invok: Curse Item        |       |       |     3 |       ||     3
       Scrying           |       |       |       |     1 ||     1
Evoke: Wand              |       |       |       |     1 ||     1
  Use: Potion            |       |       |     2 |     1 ||     3
       Scroll            |       |       |       |    10 ||    10
 Stab: Held in net/web   |     1 |       |     5 |       ||     6
       Distracted        |       |     3 |     2 |       ||     5
  Eat: Chunk             |       |     5 |    13 |     3 ||    21
       Royal jelly       |       |     1 |       |     1 ||     2
       Bread ration      |       |       |     1 |     1 ||     2
Armor: Leather armour    |     1 |       |       |       ||     1
       Plate armour      |    39 |   143 |   205 |    76 ||   463
Dodge: Dodged            |    19 |    68 |   115 |    54 ||   256

Vault maps used:
D:1:      elethiomel_arrival_infinity_welcomes_careful_drivers, serial_glass,
          glass_columns_b, glass_columns_a, glass_columns_a, glass_columns_a,
          glass_columns_b, glass_columns_a, glass_columns_a, glass_columns_c,
          glass_columns_b, glass_columns_b
D:2:      uniq_terence
D:3:      first_bread
D:4:      nicolae_ossuary_entry_false_entrances, serial_shops, shop_fountains,
          nicolae_shop_overgrown_old_shop, shop, kennysheep_mini
D:5:      lemuel_coloured_pillars_altar, uniq_duvessa
D:7:      minitemple, uniq_joseph
D:9:      lemuel_insect_pit, nicolae_overflow_hidden_temple, orc_0_dummy
Temple:   eino_temple_rhombus
Ossuary:  ossuary_tomb_1

Table legend:
 A = Turns spent in this place as a percentage of turns spent in the entire game.
 B = Non-inter-level travel turns spent in this place as a percentage of non-inter-level travel turns spent in the entire game.
 C = Inter-level travel turns spent in this place as a percentage of turns spent in this place.
 D = Turns resting spent in this place as a percentage of non-inter-level travel turns spent in this place.
 E = Turns spent auto-exploring this place as a percentage of non-inter-level travel turns spent in this place.
 F = Non-inter-level travel turns spent in this place divided by the number of levels of this place that you've seen.
                   A       B       C       D       E      F
               +-------+-------+-------+-------+-------+----------------------
         Total | 100.0 | 100.0 |   0.8 |   3.5 |   8.6 | 226.7
       Dungeon |  87.2 |  87.1 |   0.8 |   3.3 |   8.8 | 263.2
        Temple |   1.5 |   1.5 |   2.4 |   0.0 |  22.5 |  40.0
  Orcish Mines |   3.6 |   3.7 |   0.0 |   6.0 |   5.0 | 100.0
       Ossuary |   7.7 |   7.8 |   0.0 |   4.7 |   6.2 | 211.0
               +-------+-------+-------+-------+-------+----------------------

Table legend:
 A = Kills in this place as a percentage of kills in entire the game.
 B = Kills by you in this place as a percentage of kills by you in the entire game.
 C = Kills by friends in this place as a percentage of kills by friends in the entire game.
 D = Other kills in this place as a percentage of other kills in the entire game.
 E = Experience gained in this place as a percentage of experience gained in the entire game.
 F = Experience gained in this place divided by the number of levels of this place that you have seen.
                   A       B       C       D       E      F
               +-------+-------+-------+-------+-------+----------------------
         Total | 100.0 | 100.0 | 100.0 |  -nan | 100.0 | 727.9
       Dungeon |  81.7 |  83.4 |  61.9 |  -nan |  91.7 | 890.0
  Orcish Mines |   3.4 |   3.7 |   0.0 |  -nan |   6.6 | 577.0
       Ossuary |  14.9 |  12.9 |  38.1 |  -nan |   1.7 | 148.0
               +-------+-------+-------+-------+-------+----------------------
